 Dungeon Crawl Stone Soup version 0.32-a0-12-g7fc57aa741 (webtiles) character file.

Game seed: 3624627915709094775

4011 timneilson the Ruffian (level 10, -5/68 HPs)
             Began as an Octopode Shapeshifter on Jan 14, 2024.
             Was an Initiate of Gozag.
             Slain by a death yak (26 damage)
             ... on level 8 of the Dungeon.
             The game lasted 00:16:46 (6346 turns).

timneilson the Ruffian (Octopode Shapeshifter)      Turns: 6346, Time: 00:16:46

Health: -5/68      AC:  1    Str: 21    XL:     10   Next: 23%
Magic:  16/16      EV: 25    Int: 15    God:    Gozag
Gold:   521        SH:  0    Dex: 11    Spells: 17/18 levels left

rFire   . .          .
                       - Unarmed
rCold   + . .        (no shield)
rNeg    + . .        (helmet currently unavailable)
rPois   .            (no amulet)
rElec   .            g - ring "Uty Fayb" {rC+ rN+ Str+2}
rCorr   +            l - +5 ring of evasion
SInv    .            y - ring "Tahit" {rCorr EV+5 Int+3 Slay+3}
Will    .....        (no ring)
Stlth   ++++         (no ring)
HPRegen 0.31/turn    (no ring)
MPRegen 0.15/turn    (no ring)
                     (no ring)

%: no passive effects
@: mighty, beast-form, studying Spellcasting
A: beast (slay +3), almost no armour, amphibious, 8 rings, camouflage 1,
gelatinous body 1, (nimble swimmer 1), tentacles
a: Begin Untransformation, Renounce Religion, Potion Petition, Call Merchant,
Bribe Branch


You were on level 8 of the Dungeon.
You worshipped Gozag.
Gozag was pleased with you.
You were a hulking beast.
You visited 2 branches of the dungeon, and saw 9 of its levels.

You collected 648 gold pieces.
You paid 127 gold pieces to Gozag.

Inventory:

Missiles
 e - 2 throwing nets (quivered)
Jewellery
 g - the ring "Uty Fayb" (left tentacle) {rC+ rN+ Str+2}
   (You acquired it on level 1 of the Dungeon)

   [ring of positive energy]

   Str+2:     It affects your strength (+2).
   rC+:       It protects you from cold.
   rN+:       It protects you from negative energy.
 l - a +5 ring of evasion (right tentacle)
 y - the ring "Tahit" (on tentacle) {rCorr EV+5 Int+3 Slay+3}
   (You found it on level 7 of the Dungeon)

   [ring of evasion]

   EV+5:      It affects your evasion (+5).
   Int+3:     It affects your intelligence (+3).
   Slay+3:    It affects your accuracy & damage with ranged weapons and melee
   (+3).
   rCorr:     It protects you from acid and corrosion.
Talismans
 b - a beast talisman
 c - a flux talisman
Wands
 m - a wand of paralysis (9)
 o - a wand of roots (36)
 r - a wand of flame (24)
Scrolls
 d - a scroll of poison
 f - 3 scrolls of enchant weapon
 i - a scroll of immolation
 n - a scroll of revelation
 t - a scroll of teleportation
 u - 2 scrolls of identify
 w - a scroll of butterflies
 x - a scroll of enchant armour
Potions
 a - 2 potions of lignification
 h - a potion of might
 j - a potion of brilliance
 k - 2 potions of berserk rage
 p - 2 potions of attraction
 q - a potion of magic {unknown}
 s - a potion of mutation
 v - a potion of curing


   Skills:
 * Level 5.9 Fighting
 * Level 6.4 Dodging
 + Level 6.4 Stealth
 * Level 6.8 Unarmed Combat
 + Level 4.5 Spellcasting
 + Level 2.8 Earth Magic
 + Level 4.1 Evocations
 * Level 6.4 Shapeshifting


You had 17 spell levels left.
You knew the following spells:

 Your Spells              Type           Power      Damage    Failure   Level
a - Sandblast             Erth           24%        2d8       5%          1

Your spell library contained the following spells:

 Spells                   Type           Power      Damage    Failure   Level
 Passwall                 Erth           12%        N/A       16%         3
 Freeze                   Ice            12%        1d3       17%         1
 Sting                    Conj/Alch      12%        1d3       17%         1
 Summon Small Mammal      Summ           12%        N/A       17%         1
 Mercury Vapours          Alch/Air       6%         N/A       26%         2
 Stone Arrow              Conj/Erth      14%        3d7       28%         3
 Call Canine Familiar     Summ           3%         N/A       45%         3
 Frozen Ramparts          Ice            6%         1d1       45%         3
 Hailstorm                Conj/Ice       3%         3d5       45%         3
 Brom's Barrelling Bould  Conj/Erth      7%         2d3       67%         4
 Olgreb's Toxic Radiance  Alch           3%         N/A       86%         4
 Summon Blazeheart Golem  Fire/Summ      3%         N/A       86%         4


Dungeon Overview and Level Annotations

Branches:
Dungeon (8/15)             Temple (1/1) D:7
   Lair: D:8-11

Altars:
Ashenzari
Cheibriados
Dithmenos
Elyvilon
Fedhas
Gozag
Hepliaklqana
Kikubaaqudgha
Makhleb
Nemelex Xobeh
Okawaru
Qazlal
Ru
Sif Muna
Trog
Uskayaw
Vehumet
Wu Jian
Xom
Yredelemnul
Zin
The Shining One

Shops:
D:2 =[(?


Innate Abilities, Weirdness & Mutations

You are a hulking beast.
Your limbs bulge with bestial killing power. (Slay +3)
You cannot wear most types of armour.
You are amphibious.
You can wear up to eight rings at the same time.
Your skin changes colour to match your surroundings (Stealth+).
Your rubbery body absorbs attacks. (AC +1, EV +1)
((You are camouflaged when in or above water. (Stealth+)))
You have tentacles for arms and can constrict up to eight enemies at once.


Message History

Found a ring mail.
Found a stone staircase leading down.
You see here a +0 ring mail.
Found a glowing chain mail.
Found a white potion.
You see here a +3 chain mail.
q - a white potion You see here a scroll of noise.
There is a stone staircase leading down here.
A death yak comes into view.
You see here 7 gold pieces.
You now have 521 gold pieces (gained 7).
The death yak bellows!
You hear a bellow!
The death yak snorts and paws the ground.
Okay, then.
Things that are here:
a -1 glaive; a +0 animal skin You feel very mighty all of a sudden.
You tentacle-slap the death yak but do no damage.
You squeeze the death yak!
The death yak is lightly wounded.
The death yak gores you but does no damage.
You bludgeon the death yak! You squeeze the death yak.
The death yak is moderately wounded.
The death yak gores you!!
You barely miss the death yak.
The death yak is moderately wounded.
The death yak completely misses you.
You batter the death yak!! You squeeze the death yak!!
The death yak is severely wounded.
The death yak gores you!!
You bludgeon the death yak!
The death yak is almost dead.
The death yak closely misses you.
You barely miss the death yak.
You squeeze the death yak, but do no damage.
The death yak is almost dead.
The death yak gores you!!
You die...
Your body crumbles into a pile of gold.

.####.### #.#.....# #
....#...# #<#...).#
#......#.#####....#######
.....................#...)
.....###...##########.#.###
... ##..............#.#.. #
#.. .#.#.................
.. #..#
.#.#.######....##.##.
#..#...#.#.#h#
#....#####....
...........#Y###.#..# #####
........####.....#..# #
......Y.......####..# #
Y...####...##.# #..# # .
##.....# ...# # #.##...#
##.# #.####... #.# #.# #..


You could see a death yak.

Vanquished Creatures
  A two-headed ogre (D:5)
  Pikel (D:6)
  Eustachio (D:6)
  Grum (D:8)
  A steam dragon (D:7)
  2 water moccasins
  2 orc warriors
  An ice beast (D:6)
  4 wolves (D:8)
  2 centaurs
  A lemure (D:6)
  A phantom (D:7)
  2 bullfrogs (D:7)
  2 scorpions
  4 wights (D:6)
  5 killer bees (D:8)
  A howler monkey (D:6)
  2 bombardier beetles (D:5)
  A gnoll bouda (D:6)
  2 orc priests
  7 hounds
  3 iguanas
  3 orc wizards
  7 gnolls
  11 adders
  2 white imps
  3 dart slugs
  3 ribbon worms (D:2)
  16 orcs
  2 bats
  7 endoplasms
  3 giant cockroaches
  5 hobgoblins
  4 jackals (D:1)
  5 kobolds
  3 quokkas
  3 ball pythons
  7 frilled lizards
  6 goblins
  4 rats
141 creatures vanquished.

Notes
Turn   | Place    | Note
-------+----------+-------------------------------------------
     0 | D:1      | timneilson the Octopode Shapeshifter began the quest for
                  | the Orb.
     0 | D:1      | Reached XP level 1. HP: 13/13 MP: 1/1
   189 | D:1      | Reached XP level 2. HP: 15/18 MP: 2/2
   431 | D:1      | You fall into a shaft and drop 1 floor!
   450 | D:2      | Reached skill level 1 in Stealth
   454 | D:2      | Reached XP level 3. HP: 4/23 MP: 3/3
  1064 | D:1      | Identified a scroll of acquirement
  1064 | D:1      | Acquired the ring "Uty Fayb" {rC+ rN+ Str+2}
  1261 | D:2      | Found Sasikexuh's Magic Scroll Emporium.
  1314 | D:2      | Found Rimysk's Armour Shop.
  1405 | D:2      | Found Ofraboung's Antique Weapon Shoppe.
  1458 | D:2      | Reached XP level 4. HP: 29/29 MP: 4/4
  1480 | D:2      | Found Taffalae's Jewellery Shop.
  2002 | D:3      | Found a shimmering blue altar of Sif Muna.
  2004 | D:3      | Found an ornate altar of the Wu Jian Council.
  2556 | D:3      | Reached XP level 5. HP: 15/34 MP: 5/5
  2835 | D:4      | Noticed a water moccasin
  2843 | D:4      | Killed a water moccasin
  2844 | D:4      | Reached XP level 6. HP: 22/41 MP: 6/6
  2962 | D:4      | Reached skill level 1 in Evocations
  3261 | D:5      | Entered Level 5 of the Dungeon
  3325 | D:5      | Noticed a two-headed ogre
  3352 | D:5      | Reached XP level 7. HP: 37/46 MP: 7/7
  3631 | D:5      | Acquired a manual of Spellcasting
  3828 | D:5      | Found a basalt altar of Yredelemnul.
  3913 | D:5      | Killed a two-headed ogre
  3914 | D:5      | Reached skill level 5 in Unarmed Combat
  3914 | D:5      | Reached XP level 8. HP: 54/54 MP: 7/11
  4164 | D:5      | Found a shimmering altar of Xom.
  4226 | D:6      | Reached skill level 5 in Shapeshifting
  4232 | D:6      | Learned a level 1 spell: Sandblast
  4395 | D:6      | Noticed Pikel
  4411 | D:6      | Killed Pikel
  4412 | D:6      | Reached skill level 5 in Dodging
  4412 | D:6      | Reached skill level 5 in Stealth
  4412 | D:6      | Reached skill level 1 in Earth Magic
  4412 | D:6      | Reached XP level 9. HP: 32/59 MP: 11/13
  4616 | D:6      | Reached skill level 5 in Fighting
  4714 | D:6      | Noticed Eustachio
  4719 | D:6      | Killed Eustachio
  5098 | D:6      | Identified the +4 long sword of Poczuwya {freeze, rF+ rN+
                  | Str-4}
  5329 | D:7      | Found a staircase to the Ecumenical Temple.
  5345 | Temple   | Entered the Ecumenical Temple
  5356 | Temple   | Became a worshipper of Gozag Ym Sagoz the Greedy
  5433 | D:7      | Identified the ring "Tahit" {rCorr EV+5 Int+3 Slay+3}
  5799 | D:8      | Noticed Grum
  5817 | D:8      | Reached XP level 10. HP: 39/67 MP: 16/16
  5821 | D:8      | Killed Grum
  5933 | D:8      | Noticed a death yak
  5933 | D:8      | Noticed a death yak
  6326 | D:8      | Noticed a death yak
  6346 | D:8      | Slain by a death yak

Illustrated notes

Levels and vault maps discovered:
D:1:      nzn_arrival_water_spiral, layout_loops_corners
D:2:      layout_loops_corners, serial_shops,
          nicolae_shop_pleasant_corner_grove, nicolae_shop_window_shopping,
          shop, shop
D:3:      layout_basic, grunt_temple_overflow_open, nicolae_eternal_life
D:4:      layout_cave_pools
D:5:      layout_gridville, mainiacjoe_overflow_swirl
D:6:      layout_basic, uniq_pikel, uniq_eustachio
D:7:      layout_rooms, minmay_temple_entry_purple_smoke
D:8:      layout_basic, dpeg_lair_monsters, uniq_grum
Temple:   nicolae_temple_bog_church

Skill      XL: |  1  2  3  4  5  6  7  8  9 10 |
---------------+-------------------------------+-----
Stealth        | 1 2 3 4 5 6 |  6.4
Fighting       | 2 3 4 5 |  5.9
Dodging        | 3 4 5 6 |  6.4
Unarmed Combat | 4 5 6 |  6.8
Shapeshifting  | 4 5 6 |  6.4
Evocations     | 1 2 3 4 |  4.1
Spellcasting   | 2 4 |  4.5
Earth Magic    | 1 2 |  2.8

Action                     |  1- 3 |  4- 6 |  7- 9 | 10-12 || total
---------------------------+-------+-------+-------+-------++-------
  Melee: Unarmed           |    74 |    79 |   134 |    44 ||   331
         Constrict         |    20 |    21 |    32 |     9 ||    82
         Tentacles         |    10 |    16 |    35 |    12 ||    73
         Punch             |     1 |     5 |     6 |     3 ||    15
  Evoke: Wand              |       |       |    12 |       ||    12
    Use: Potion            |     1 |     1 |     2 |     2 ||     6
         Scroll            |     7 |     4 |    11 |       ||    22
   Stab: Sleeping          |     3 |     8 |     9 |     1 ||    21
         Paralysed         |       |       |     3 |       ||     3
         Distracted        |       |       |       |     1 ||     1
 Armour: Skin              |    23 |    29 |    68 |    11 ||   131
  Dodge: Dodged            |    35 |    40 |    96 |    39 ||   210

Table legend: (Time is in decaauts)
 A = Elapsed time spent in this place.
 B = Non-inter-level travel time spent in this place.
 C = Inter-level travel time spent in this place.
 D = Time resting spent in this place.
 E = Time spent auto-exploring this place.
 F = Levels seen in this place.
 G = Mean time per level.
                   A        B        C        D        E       F      G
               +--------+--------+--------+--------+--------+-----+--------+
         Total |   6313 |   6117 |    196 |    616 |   3521 |   9 |  701.4 |
       Dungeon |   6291 |   6115 |    176 |    616 |   3521 |   8 |  786.4 |
        Temple |     22 |      2 |     20 |      0 |      0 |   1 |   22.0 |
               +--------+--------+--------+--------+--------+-----+--------+

Top non-repeatable levels by time:
     D:6: 1129 daAuts
     D:2: 1054 daAuts
     D:5: 920 daAuts
     D:1: 854 daAuts
     D:3: 846 daAuts
     D:8: 562 daAuts
     D:4: 495 daAuts
     D:7: 428 daAuts
  Temple: 22 daAuts
